 Dungeon Crawl Stone Soup version 0.20.1-1-g8b1a95d (webtiles) character file.

143 Shiggy the Covered (level 5, -11/47 HPs)
             Began as a Minotaur Fighter on Oct 30, 2017.
             Killed by nerve-wracking pain
             ... invoked by Grinder
              (13 damage)
             ... while paralysed by Grinder
             ... on level 3 of the Dungeon.
             The game lasted 00:28:03 (1453 turns).

Shiggy the Covered (Minotaur Fighter)               Turns: 1453, Time: 00:28:04

Health: -11/47     AC:  9    Str: 22    XL:     5   Next: 4%
Magic:  4/4        EV:  2    Int:  5    God:
Gold:   119        SH:  0    Dex:  9    Spells: 4/4 levels left

rFire    . . .     SeeInvis .   a - +0 war axe
rCold    . . .     Gourm    .   c - +0 shield
rNeg     . . .     Faith    .   r - +0 scale mail
rPois    .         Spirit   .   (helmet restricted)
rElec    .         Reflect  .   (no cloak)
rCorr    .         Harm     .   (no gloves)
MR       .....                  (no boots)
Stlth    ..........             (no amulet)
Regen    0.2/turn               l - +2 ring of protection
MPRegen  0.1/turn               (no ring)

@: paralysed, flying
A: retaliatory headbutt, horns 2
a: no special abilities


You were on level 3 of the Dungeon.
You were not hungry.

You visited 1 branch of the dungeon, and saw 3 of its levels.

You collected 119 gold pieces.

Inventory:

Hand Weapons
 a - a +0 war axe (weapon)
Armour
 c - a +0 shield (worn)
 r - a +0 scale mail (worn)
 s - a +0 plate armour
Jewellery
 l - a +2 ring of protection (left hand)
 u - an uncursed ring of protection from fire {unknown}
Scrolls
 e - a scroll of identify {unknown}
 g - 2 scrolls of remove curse
 k - a scroll of recharging {unknown}
 n - a scroll of blinking {unknown}
 o - 3 scrolls of teleportation {unknown}
 p - a scroll of enchant armour {unknown}
 t - a scroll of amnesia {unknown}
Potions
 d - a potion of might
 h - a potion of flight
 j - a potion of haste {unknown}
 m - a potion of invisibility {unknown}
 q - a potion of curing {unknown}
Comestibles
 b - 4 fruits
 f - 3 bread rations
 i - a royal jelly


   Skills:
 * Level 4.7 Fighting
 + Level 3.4 Axes
 * Level 5.1 Armour
 * Level 1.9 Dodging
 - Level 3.6 Shields


You had 4 spell levels left.
You didn't know any spells.

Dungeon Overview and Level Annotations

Branches:
Dungeon (3/15)

Altars:
Cheibriados

Annotations:
D:3 Grinder


Innate Abilities, Weirdness & Mutations

You reflexively headbutt those who attack you in melee.
You have a pair of horns on your head.


Message History

* * * LOW HITPOINT WARNING * * *
It was a potion of flight.
You feel very buoyant.
You fly up into the air.
Natasha zaps a wand.
You block the puff of flame.
Sorry, you're not good enough to have a special ability.
Natasha claws you but does no damage.
You hit Natasha.
You kill Natasha!
Natasha screams in pain as she dies!
You have reached level 5!
Grinder says, "You look like you could use a good racking."
Grinder gestures at you. Pain shoots through your body!
* * * LOW HITPOINT WARNING * * *
Grinder blinks!
Grinder gestures at you.
You suddenly lose the ability to move!
Grinder gestures at you. Pain shoots through your body!
You die...

######### #.......#
#.......# ###
.####.....5?# #.######
............###...†..##
#..@....##..####<.#
#.....†.##.######.#
#.......##.##...#..#
#.(........#....##..
#########....(..# ##
#..#.#### . ###....#
#.### ###....###
.....###....#.#


You could see Grinder.

Vanquished Creatures
  Terence (D:2)
  Natasha (D:3)
  Robin (D:2)
  An adder (D:3)
  2 worms (D:2)
  3 dart slugs
  2 leopard geckos (D:2)
  10 bats
  2 giant cockroaches (D:2)
  6 hobgoblins
  4 kobolds
  A quokka (D:2)
  6 frilled lizards
  13 goblins
  7 rats
60 creatures vanquished.

Notes
Turn   | Place    | Note
-------+----------+-------------------------------------------
     0 | D:1      | Shiggy the Minotaur Fighter began the quest for the Orb.
     0 | D:1      | Reached XP level 1. HP: 19/19 MP: 0/0
   104 | D:1      | Reached skill level 4 in Armour
   104 | D:1      | Reached XP level 2. HP: 24/27 MP: 1/1
   614 | D:2      | Reached XP level 3. HP: 33/33 MP: 2/2
   725 | D:2      | Noticed Terence
   735 | D:2      | Killed Terence
   735 | D:2      | Reached skill level 1 in Dodging
   797 | D:2      | Reached XP level 4. HP: 41/41 MP: 3/3
   804 | D:2      | Noticed Robin
   838 | D:2      | Reached skill level 5 in Armour
   839 | D:2      | Killed Robin
   933 | D:2      | Found a snail-covered altar of Cheibriados.
  1402 | D:3      | Noticed Natasha
  1429 | D:3      | Noticed Grinder
  1450 | D:3      | Killed Natasha
  1450 | D:3      | Reached XP level 5. HP: 10/47 MP: 4/4
  1450 | D:3      | HP: 2/47 [Grinder/nerve-wracking pain (8)]
  1452 | D:3      | Paralysed by Grinder for 7 turns
  1453 | D:3      | Killed from afar by Grinder

Skill      XL: |  1  2  3  4 |
---------------+-------------+-----
Armour         | 4 5 |  5.1
Fighting       | 4 |  4.7
Dodging        | 1 |  1.9
Axes           | 3 |  3.4
Shields        | |  3.6

Action                   |  1- 3 |  4- 6 || total
-------------------------+-------+-------++-------
Melee: War axe           |    63 |    61 ||   124
       Headbutt          |    11 |    15 ||    26
  Use: Scroll            |     1 |       ||     1
       Potion            |       |     1 ||     1
  Eat: Bread ration      |       |     1 ||     1
Armor: Scale mail        |    22 |    26 ||    48
Dodge: Dodged            |    24 |    19 ||    43
Block: Shield            |    24 |    28 ||    52
